 Dungeon Crawl Stone Soup version bcrawl-1.13.5 (webtiles) character file.

Game seed: 2691566045788102657

112 Banto the Insei (level 4, -4/28 HPs)
             Began as an Octopode Transmuter on Aug 29, 2019.
             Was a Believer of Cheibriados.
             Slain by an orc
             ... wielding a +0 trident
              (9 damage)
             ... on level 2 of the Dungeon.
             The game lasted 00:01:30 (1787 turns).

Banto the Insei (Octopode Transmuter)               Turns: 1787, Time: 00:01:30

Health: -4/28      AC:  1    Str: 13    XL:     4   Next: 95%
Magic:  6/7        EV: 14    Int: 20    God:    Cheibriados [**....]
Gold:   57         SH:  0    Dex: 16    Spells: 4/7 levels left

rFire    . . .     SeeInvis .     - Unarmed
rCold    . . .     Gourm    .   (no shield)
rNeg     . . .     Faith    .   (helmet restricted)
rPois    .         Spirit   .   (cloak restricted)
rElec    .         Reflect  .   l - amulet of rage
rCorr    .         Harm     .   (no ring)
MR       .....                  (no ring)
Stlth    ++........             (no ring)
HPRegen  0.09/turn              (no ring)
MPRegen  0.10/turn              (no ring)
                                (no ring)
                                (no ring)
                                (no ring)

@: appendage, very slow
A: almost no armour, stealthy swim, amphibious, 8 rings, constrict 8, tentacle
spike 3, camouflage 1, gelatinous body 1
a: End Transformation, Bend Time, Renounce Religion, Evoke Berserk Rage


You were on level 2 of the Dungeon.
You worshipped Cheibriados.
Cheibriados was pleased with you.
You were not hungry.
One of your tentacles had a temporary spike.
You visited 1 branch of the dungeon, and saw 2 of its levels.

You collected 57 gold pieces.

Inventory:

Missiles
 a - 511 arrows
Jewellery
 l - an amulet of rage (around mantle)
Scrolls
 g - 2 scrolls of identify
 h - a scroll of enchant armour
 i - 2 scrolls of magic mapping
Potions
 c - a potion of lignification
 f - 2 potions of invisibility
 j - a potion of berserk rage {unknown}
 k - a potion of curing {unknown}
Comestibles
 d - 2 rations {!d}


   Skills:
 - Level 1.0 Fighting
 - Level 2.0 Dodging
 + Level 4.4 Unarmed Combat
 - Level 2.0 Spellcasting
 + Level 3.7 Transmutations


You had 4 spell levels left.
You knew the following spells:

 Your Spells              Type           Power        Failure   Level  Hunger
a - Beastly Appendage     Tmut           ###...       3%          1    #......
b - Sticks to Snakes      Tmut           ###.....     5%          2    ##.....

Your spell library contained the following spells:

 Spells                   Type           Power        Failure   Level  Hunger
 Spider Form              Tmut/Pois      #..          22%         3    ###....
 Ice Form                 Ice/Tmut       #.......     58%         4    #####..
 Blade Hands              Tmut           ###.......   67%         5    ######.


Dungeon Overview and Level Annotations

Branches:
Dungeon (2/12)

Altars:
Cheibriados
Nemelex Xobeh


Innate Abilities, Weirdness & Mutations

You cannot wear most types of armour.
You are very stealthy in the water. (Stealth+)
You are amphibious.
You can wear up to eight rings at the same time.
You can use your tentacles to constrict eight enemies at once.
Your skin changes colour to match your surroundings (Stealth+).
Your rubbery body absorbs attacks. (AC +1, EV +1)
One of your tentacles bears a large vicious spike.


Message History

Items here: ! ) ? [ a cursed +0 dagger; a +0 scale mail; a cyan potion; a scroll of magic mapping You are too injured to fight recklessly!
You are too injured to fight recklessly!
You are too injured to fight recklessly!
You are too injured to fight recklessly!
Casting: Beastly Appendage (safe; 3% risk of failure)
Confirm with . or Enter, or press ? or * to list all spells.
One of your tentacles grows a vicious spike.
The orc closely misses you. The orc hits you with a +0 trident!
* * * LOW HITPOINT WARNING * * *
You tentacle-slap the orc but do no damage.
You grab the orc. You squeeze the orc, but do no damage.
You constrict the orc, but do no damage.
The orc closely misses you.
You tentacle-slap the orc.
You pierce the orc.
The orc is moderately wounded.
You constrict the orc. The orc hits you with a +0 trident!
You die...

,,,,,,,,,,,,>,,,,,,*
*,*
*************..#**,*
*,*
*,..***#*******,*
*,..**,.,,,,,,,,*
#.*.##.#*********
#.#..#.# #.##.#.#
######.##.o.#
#........@..#
#........)..#
#.........#.#
#...........#***
####
######.###.....#
...# #.# *..##.#
...# #.# *..#*,#
...# ######.#
*..#*,*
...#####...##.#
*#.#*,*


You could see an orc.

Vanquished Creatures
  A scorpion (D:2)
  An adder (D:2)
  2 dart slugs
  5 orcs (D:2)
  4 giant cockroaches (D:1)
  3 goblins (D:1)
  7 hobgoblins
  4 kobolds
  A quokka (D:2)
  2 ball pythons (D:1)
  5 bats
  2 frilled lizards
  4 rats (D:1)
41 creatures vanquished.

Notes
Turn   | Place    | Note
-------+----------+-------------------------------------------
     0 | D:1      | Banto the Octopode Transmuter began the quest for the Orb.
     0 | D:1      | Reached XP level 1. HP: 13/13 MP: 3/3
    12 | D:1      | Found a snail-covered altar of Cheibriados.
    78 | D:1      | Became a worshipper of Cheibriados the Contemplative
   197 | D:1      | Reached XP level 2. HP: 18/18 MP: 5/5
   213 | D:1      | Learned a level 2 spell: Sticks to Snakes
   381 | D:1      | Found a sparkling altar of Nemelex Xobeh.
   691 | D:1      | Reached * piety under Cheibriados
   784 | D:1      | Reached XP level 3. HP: 23/23 MP: 6/6
  1299 | D:2      | Reached skill level 4 in Unarmed Combat
  1299 | D:2      | Reached XP level 4. HP: 11/28 MP: 5/7
  1524 | D:2      | Reached ** piety under Cheibriados
  1787 | D:2      | Slain by an orc

Skill      XL: |  1  2  3 |
---------------+----------+-----
Transmutations | 3 |  3.7
Unarmed Combat | 4 |  4.4
Fighting       | |  1.0
Dodging        | |  2.0
Spellcasting   | |  2.0

Action                   |  1- 3 |  4- 6 || total
-------------------------+-------+-------++-------
Melee: Unarmed           |    63 |    17 ||    80
       Constrict         |    24 |     4 ||    28
       Tentacles         |    14 |     5 ||    19
       Kick              |     7 |     1 ||     8
       Punch             |       |     1 ||     1
 Cast: Beastly Appendage |     3 |     1 ||     4
  Use: Scroll            |       |     6 ||     6
 Stab: Sleeping          |    10 |       ||    10
  Eat: Chunk             |       |     1 ||     1
Armor: Skin              |     6 |       ||     6
Dodge: Dodged            |    37 |     8 ||    45
